 Dungeon Crawl Stone Soup version 0.31-a0-1467-g53b6572822 (webtiles) character file.

Game seed: 1531380120656890155

28 Leeroy the Ruffian (level 3, 32/32 HPs)
             Began as a Troll Shapeshifter on Dec 28, 2023.
             Got out of the dungeon alive.
             The game lasted 00:01:37 (745 turns).

Leeroy the Ruffian (Troll Shapeshifter)              Turns: 745, Time: 00:01:37

Health: 32/32      AC:  4    Str: 24    XL:     3   Next: 0%
Magic:  2/2        EV:  9    Int:  6    God:
Gold:   72         SH:  0    Dex:  9    Spells: 2/2 levels left

rFire   . .          .
                       - Unarmed
rCold   . . .        (no shield)
rNeg    . . .        a - +0 animal skin
rPois   .            (helmet currently unavailable)
rElec   .            (cloak currently unavailable)
rCorr   .            (gloves unavailable)
SInv    .            (boots unavailable)
Will    .....        (no amulet)
Stlth   +            (no ring)
HPRegen 1.05/turn    (no ring)
MPRegen 0.08/turn

%: no passive effects
@: beast-form
A: beast (slay +1), large, unfitting armour, claws 3, regeneration 1, shaggy fur
1, tough skin 1
a: Begin Untransformation


You escaped.
You were a hulking beast.
You visited 1 branch of the dungeon, and saw 1 of its levels.

You collected 72 gold pieces.

Inventory:

Missiles
 f - 3 poisoned darts
Armour
 a - a +0 animal skin (worn)
Jewellery
 g - a ring of see invisible
Talismans
 c - a beast talisman
 d - a flux talisman
Scrolls
 e - a scroll of immolation {unknown}
 h - a scroll of brand weapon {unknown}
 i - a scroll of acquirement {unknown}
Potions
 b - a potion of lignification
 j - a potion of heal wounds {unknown}


   Skills:
 - Level 0.7 Fighting
 - Level 1.5 Dodging
 + Level 4.2 Unarmed Combat
 - Level 3.0 Shapeshifting


You had 2 spell levels left.
You didn't know any spells.
Your spell library was empty.

Dungeon Overview and Level Annotations

Branches:
Dungeon (1/15)

Altars:


Innate Abilities, Weirdness & Mutations

You are a hulking beast.
Your limbs bulge with bestial killing power. (Slay +1)
You are too large for most types of armour.
You have claws for hands.
Your natural rate of healing is unusually fast.
You are covered in fur. (AC +1)
You have tough skin. (AC +1)


Message History

The ball python is severely wounded.
The ball python bites you.
You barely miss the ball python.
The ball python is severely wounded.
The ball python barely misses you. x2
You claw the ball python!
You kill the ball python!
No target in view!
No target in view!
No target in view!
No target in view!
No target in view!
No target in view!
No target in view!
A giant cockroach and a bat come into view.
There are monsters nearby!
You scratch the giant cockroach but do no damage.
The giant cockroach bites you but does no damage.
There are monsters nearby!
You claw the giant cockroach!
You kill the giant cockroach!
The bat hits you but does no damage. The bat hits you but does no damage. x2
You claw the bat!
You kill the bat!
You have reached level 3!
Your experience leads to an increase in your attributes!
Increase (S)trength, (I)ntelligence, or (D)exterity?
You feel stronger. x3
You see here a hobgoblin skeleton.
You see here a hobgoblin skeleton.
Done exploring.
Done exploring.
Done exploring.
No target in view!
Unknown command.
Welcome back, Leeroy the Troll Shapeshifter.
Press ? for a list of commands and other information.
There is a staircase leading out of the dungeon here.
You have escaped!

...#.............#
#.###..##
.......(.###.###.#
#.....##
#............# #.#
#######
........)....# #.#
.............#####
##.......#......#
#..>..#.#.##.#####
##.##.##.#.##.#...#
.........#....#.h.#
....#.##†#....#...#
#.#.#.##.#......###
#........#...####
#.###.##.....# #.#
#.##.....# #.#
#.##.####### #.#
#..........#
#.###.#####.####


There were no monsters in sight!

Vanquished Creatures
  A dart slug (D:1)
  An endoplasm (D:1)
  A giant cockroach (D:1)
  A goblin (D:1)
  4 hobgoblins (D:1)
  A quokka (D:1)
  4 ball pythons (D:1)
  5 bats (D:1)
  5 kobolds (D:1)
  2 rats (D:1)
25 creatures vanquished.

Notes
Turn   | Place    | Note
-------+----------+-------------------------------------------
     0 | D:1      | Leeroy the Troll Shapeshifter began the quest for the Orb.
     0 | D:1      | Reached XP level 1. HP: 18/18 MP: 0/0
   153 | D:1      | Reached XP level 2. HP: 23/26 MP: 1/1
   361 | D:1      | Reached skill level 4 in Unarmed Combat
   622 | D:1      | Reached XP level 3. HP: 32/32 MP: 2/2
   745 | D:$      | Got out of the dungeon alive.

Illustrated notes

Levels and vault maps discovered:
D:1:      amcnicky_arrival_single_pillar, layout_basic, columned_hall_lemuel,
          serial_bayou_pond_a, minmay_close_crescents

Skill      XL: |  1  2 |
---------------+-------+-----
Unarmed Combat | 4 |  4.2
Fighting       | |  0.7
Dodging        | |  1.5
Shapeshifting  | |  3.0

Action                     || total
---------------------------++-------
  Melee: Unarmed           ||    47
 Armour: Animal skin       ||    26
  Dodge: Dodged            ||    14

Table legend: (Time is in decaauts)
 A = Elapsed time spent in this place.
 B = Non-inter-level travel time spent in this place.
 C = Inter-level travel time spent in this place.
 D = Time resting spent in this place.
 E = Time spent auto-exploring this place.
 F = Levels seen in this place.
 G = Mean time per level.
                   A        B        C        D        E       F      G
               +--------+--------+--------+--------+--------+-----+--------+
         Total |    742 |    718 |     24 |      0 |    599 |   1 |  742.0 |
       Dungeon |    742 |    718 |     24 |      0 |    599 |   1 |  742.0 |
               +--------+--------+--------+--------+--------+-----+--------+

Top non-repeatable levels by time:
     D:1: 742 daAuts
